[Event "*** Titled Tuesday Blitz"]
[Site "Chess.com"]
[Date "2020.03.03"]
[Round "8"]
[White "northridgehawk"]
[Black "Omk124"]
[Result "1-0"]
[WhiteElo "2227"]
[BlackElo "2439"]
[TimeControl "180+1"]
[EndTime "10:28:24 PST"]
[Termination "northridgehawk won by resignation"]

1. e4 c5 2. Nf3 d6 3. d4 cxd4 4. Nxd4 Nf6 5. Nc3 a6 6. h3 e6 7. g4 Be7 8. Bg2 Qc7 9. Be3 Nc6 10.
Qe2 Bd7 11. O-O-O Rc8 12. f4 Nxd4 13. Bxd4 e5 14. Be3 g6 15. g5 Nh5 16. Nd5 Qd8 17. Bb6 Nxf4 18. Qf1 Rxc2+ 19. Kxc2 Ba4+ 20. b3 Qc8+ 21. Nc7+ Kf8 22. bxa4 Bxg5 23. Rxd6 Be7 24. Rd5 Nxd5 25. exd5 Bd6 26. Qc4 Kg7 27. Kb3 Qd7 28.
Rc1 Rc8 29. Ne6+ fxe6 30. Qxc8 Qf7 31. Qxe6 Qf4 32. Qxd6 Qxc1 33. Qxe5+ Kg8 34. Qe6+ Kg7 35. Bd4+ Kf8 36. Qf6+ Ke8 37. Qe5+ Kd7 38. Qe6+ Kc7 39. Bb6+ Kb8 40. Qe8+ Qc8 41. Ba7+ Kxa7 1-0

[Event "*** Titled Tuesday Blitz"]
[Site "Chess.com"]
[Date "2020.03.03"]
[Round "8"]
[White "Arystanner"]
[Black "GadimbayliA"]
[Result "0-1"]
[WhiteElo "2738"]
[BlackElo "2908"]
[TimeControl "180+1"]
[EndTime "10:28:25 PST"]
[Termination "GadimbayliA won by resignation"]

1. e4 e6 2. d4 d5 3. Nd2 Nf6 4. e5 Nfd7 5. Bd3 c5 6. c3 Nc6 7. Ndf3 cxd4 8. cxd4 f6 9. exf6 Nxf6 10. Nh3 Bd6 11.
O-O O-O 12. Re1 Qc7 13. Nhg5 g6 14. Nxe6 Bxe6 15. Rxe6 Ng4 16. h3 Bh2+ 17. Kf1 Nxf2 18. Kxf2 Qg3+ 19. Ke3 Qf4+ 20. Kf2 Qg3+ 21. Ke3 Qxg2 22.
Be2 Rac8 23. Bd2 Qxh3 24. Rxc6 Rxc6 25. Bb4 Bf4+ 26. Kf2 Qg3+ 27. Kf1 Be3 0-1

[Event "*** Titled Tuesday Blitz"]
[Site "Chess.com"]
[Date "2020.03.03"]
[Round "8"]
[White "Sunnika"]
[Black "ZenBull"]
[Result "1-0"]
[WhiteElo "2388"]
[BlackElo "2161"]
[TimeControl "180+1"]
[EndTime "10:28:28 PST"]
[Termination "Sunnika won on time"]

1. d4 Nf6 2. c4 e6 3. g3 d5 4. Nf3 Be7 5. Bg2 O-O 6. O-O dxc4 7.
Qc2 a6 8. a4 Bd7 9. Rd1 Bc6 10.
Nc3 Nbd7 11. e4 b6 12. d5 exd5 13. e5 Ne8 14. Nxd5 Bc5 15. Ng5 g6 16. Nf6+ Nexf6 17. Bxc6 Nxe5 18. Rxd8 Raxd8 19. Bg2 b5 20. axb5 axb5 21.
Ne4 Nxe4 22. Bxe4 f5 23. Bg2 Nd3 24. Be3 Bxe3 25. fxe3 Rfe8 26. b3 Ne5 27. Rd1 Rd3 28. bxc4 bxc4 29. Rxd3 cxd3 30. Qxc7 Kf8 31. Qd6+ Kg7 32.
Bf1 d2 33. Be2 1-0

[Event "*** Titled Tuesday Blitz"]
[Site "Chess.com"]
[Date "2020.03.03"]
[Round "8"]
[White "Irishchessman16"]
[Black "Redbandit87"]
[Result "1-0"]
[WhiteElo "2207"]
[BlackElo "2392"]
[TimeControl "180+1"]
[EndTime "10:28:28 PST"]
[Termination "Irishchessman16 won by checkmate"]

1. d4 d5 2. c4 e6 3. Nf3 Nf6 4. Nc3 Bb4 5. g3 O-O 6. Bg2 dxc4 7. O-O c5 8. dxc5 Bxc3 9. bxc3 Na6 10. Ne5 Nxc5 11. Ba3 Qc7 12. Qd4 Nfd7 13. Nxd7 Nxd7 14. Bxf8 Nxf8 15. Rfd1 Bd7 16. Rab1 Rb8 17. Qxa7 Qe5 18.
Rxb7 Rxb7 19. Qxb7 Qxc3 20. Qa8 Bb5 21. a4 Qb3 22.
Rd8 Qb4 23. axb5 c3 24. Qc8 g6 25. b6 c2 26. Qxc2 Qxb6 27. Qc8 Qb1+ 28. Bf1 Qb4 29. Qc7 Qb5 30. Qe7 Qf5 31. Qxf8# 1-0

[Event "*** Titled Tuesday Blitz"]
[Site "Chess.com"]
[Date "2020.03.03"]
[Round "8"]
[White "adricalderon8"]
[Black "Vyacheslav_N"]
[Result "1-0"]
[WhiteElo "2433"]
[BlackElo "2555"]
[TimeControl "180+1"]
[EndTime "10:28:29 PST"]
[Termination "adricalderon8 won by resignation"]

1. e4 c5 2. Nf3 Nc6 3. d4 cxd4 4.
Nxd4 Nf6 5. Nc3 e5 6. Ndb5 d6 7. Bg5 a6 8. Na3 b5 9. Bxf6 gxf6 10. Nd5 f5 11. Bd3 fxe4 12. Bxe4 Bg7 13. Nf6+ Bxf6 14. Bxc6+ Bd7 15. Bxa8 Qxa8 16. Qf3 Qxf3 17. gxf3 Bc6 18.
Ke2 e4 19. c3 exf3+ 20. Kd3 Kd7 21. Rhg1 Re8 22. Rae1 Be5 23. h3 f5 24. Nc2 Be4+ 25.
Kd2 Re7 26. Nd4 Bf4+ 27. Kd1 Rf7 28. h4 Bh2 29. Rg5 Be5 30. h5 b4 31. h6 bxc3 32.
bxc3 Kc7 33. Reg1 Kb6 34. Rg7 Bd5 35. Rxf7 Bxf7 36. Nxf5 Bxa2 37. Kc2 a5 38. Nd4 a4 39. Nxf3 Bf6 40. Nd4 Bd5 41. Rb1+ Ka5 42. Kd3 Bf7 43. Rb7 Bg6+ 44. Kc4 Bg5 45. Kd5 Bxh6 46. Kxd6 Bf8+ 47.
Kd5 a3 48. Rb8 a2 49. Rxf8 Bf7+ 50. Rxf7 a1=Q 51. Nb3+ 1-0

[Event "*** Titled Tuesday Blitz"]
[Site "Chess.com"]
[Date "2020.03.03"]
[Round "8"]
[White "Eloist"]
[Black "Jungle_Jaguar"]
[Result "0-1"]
[WhiteElo "2276"]
[BlackElo "2588"]
[TimeControl "180+1"]
[EndTime "10:28:30 PST"]
[Termination "Jungle_Jaguar won on time"]

1. e4 e5 2. Bc4 Nf6 3. d3 c6 4. Nf3 Be7 5. O-O d6 6. c3 O-O 7. Bb3 a5 8. Nbd2 Nbd7 9. Re1 Nc5 10. Bc2 Be6 11. d4 Ncd7 12. c4 Bg4 13. h3 Bh5 14.
g4 Bg6 15. Nf1 exd4 16. Nxd4 Re8 17. Ng3 Ne5 18. f4 Nxc4 19. f5 d5 20. fxg6 hxg6 21. e5 Bb4 22. Re2 Nxe5 23. Bf4 Nfd7 24. a3 Bc5 25. Kg2 Nc4 26. Bb3 Qf6 27. Bxc4 Qxf4 28. Bb3 Qxd4 29. Qf1 Nf6 30. Rd1 Rxe2+ 31. Qxe2 Qe3 0-1

[Event "*** Titled Tuesday Blitz"]
[Site "Chess.com"]
[Date "2020.03.03"]
[Round "8"]
[White "MergenKakabaev"]
[Black "MiroVlasenko"]
[Result "1-0"]
[WhiteElo "2502"]
[BlackElo "2620"]
[TimeControl "180+1"]
[EndTime "10:28:31 PST"]
[Termination "MergenKakabaev won by checkmate"]

1. e4 c5 2. Nf3 a6 3. d4 cxd4 4. Nxd4 Nf6 5. Bd3 e5 6. Nf3 Nc6 7. O-O Bc5 8. Nc3 d6 9. Bg5 Bg4 10. Be2 h6 11. Bxf6 Qxf6 12. Nd5 Qd8 13. c3 O-O 14. h3 Be6 15. Ne1 Ne7 16. Nxe7+ Qxe7 17. Bf3 Rad8 18. Nc2 g6 19. Re1 f5 20. Ne3 Bxe3 21.
Rxe3 f4 22. Rd3 h5 23. b3 Rf6 24. Qd2 b5 25. Rd1 Bf7 26. Qe2 Kg7 27. R1d2 Kh6 28. Qd1 g5 29. c4 bxc4 30. bxc4 Bxc4 31. Rc3 Bf7 32. Rc6 a5 33. Ra6 Qc7 34. a4 Bc4 35. Rc2 Rc8 36. Qc1 Rg6 37. Be2 Qb7 38. Rxc4 Qxa6 39.
Rxc8 Qxe2 40. Qc7 Rg7 41. Rh8+ Kg6 42. Qxd6+ Kf7 43. Rf8# 1-0

[Event "*** Titled Tuesday Blitz"]
[Site "Chess.com"]
[Date "2020.03.03"]
[Round "8"]
[White "NTBT_DHS"]
[Black "Palacios-LLera"]
[Result "1-0"]
[WhiteElo "2712"]
[BlackElo "2539"]
[TimeControl "180+1"]
[EndTime "10:28:32 PST"]
[Termination "NTBT_DHS won on time"]

1. d4 d5 2. c4 c6 3. cxd5 cxd5 4. Bf4 Nc6 5. Nc3 Nf6 6. Nf3 a6 7. Rc1 Bf5 8. e3 e6 9. Be2 Be7 10. O-O O-O 11. h3 h6 12. Na4 Nd7 13. a3 Rc8 14. b4 b5 15. Nc5 Nxc5 16. bxc5 f6 17. a4 Qa5 18. axb5 axb5 19. Qb3 e5 20. dxe5 fxe5 21. Qxd5+ Kh7 22. Nxe5 Nb4 23. Qd4 Rfd8 24. Qb2 Rxc5 25. Rxc5 Bxc5 26. Rc1 Bd6 27. g4 Bxe5 28. Qxe5 Bg6 29.
Rc7 Rg8 30. Bxb5 Qa2 31. Bc4 Qb1+ 32. Kh2 1-0

[Event "*** Titled Tuesday Blitz"]
[Site "Chess.com"]
[Date "2020.03.03"]
[Round "8"]
[White "Babas"]
[Black "Saloni1299"]
[Result "0-1"]
[WhiteElo "2363"]
[BlackElo "2081"]
[TimeControl "180+1"]
[EndTime "10:28:33 PST"]
[Termination "Saloni1299 won on time"]

1. d4 Nf6 2. Nf3 g6 3. Nc3 d5 4. Bf4 c6 5. e3 Bg7 6. Be2 Nbd7 7. O-O Nh5 8. Bg3 Nxg3 9. hxg3 O-O 10. a4 e5 11. a5 a6 12. Na4 Rb8 13. c3 Qxa5 14.
b4 Qd8 15. Nc5 e4 16. Nd2 Nxc5 17. bxc5 b5 18. Nb3 Qc7 19. Na5 f5 20. Qb3 Be6 21. Qb4 Bf6 22. Nb3 Ra8 23. Ra2 g5 24. Rfa1 f4 25. g4 fxe3 26. fxe3 Qg3 27. Bf1 Qxe3+ 0-1

[Event "*** Titled Tuesday Blitz"]
[Site "Chess.com"]
[Date "2020.03.03"]
[Round "8"]
[White "pouya21"]
[Black "Parhamov"]
[Result "0-1"]
[WhiteElo "2767"]
[BlackElo "3055"]
[TimeControl "180+1"]
[EndTime "10:28:37 PST"]
[Termination "Parhamov won by resignation"]

1. e4 c5 2. Nf3 Nc6 3. Bb5 g6 4. O-O Bg7 5. c3 Nf6 6. Re1 Qb6 7. a4 O-O 8. h3 Rd8 9. e5 Ne8 10. d4 cxd4 11. cxd4 d6 12. Bxc6 bxc6 13. a5 Qc7 14.
Bf4 Rb8 15. Qc1 Bf5 16. Nc3 Qd7 17. Bh6 Bxh3 18. gxh3 Qxh3 19. Bxg7 Qg4+ 20. Kf1 Nxg7 21. Qe3 Nf5 22. Qe4 Qh3+ 23. Kg1 Rxb2 24. Ra2 Rb3 25. Rc2 d5 26. Qf4 c5 27. e6 f6 28. Rb1 Rxb1+ 29.
Nxb1 c4 30. Nbd2 Rd6 31. Qh2 Qxh2+ 32. Kxh2 g5 33. Nb1 g4 34. Nfd2 Nxd4 35. Rb2 Nxe6 36. Nc3 d4 37. Rb8+ Rd8 38. Rxd8+ Nxd8 39. Nb5 c3 40. Nb3 e5 41. Nxa7 d3 42. Nb5 c2 43.
a6 Nc6 0-1

[Event "*** Titled Tuesday Blitz"]
[Site "Chess.com"]
[Date "2020.03.03"]
[Round "8"]
[White "Martins-BR"]
[Black "GelmanAlexander"]
[Result "1-0"]
[WhiteElo "2330"]
[BlackElo "2431"]
[TimeControl "180+1"]
[EndTime "10:28:44 PST"]
[Termination "Martins-BR won on time"]

1. e4 c5 2. Nf3 e6 3. d4 cxd4 4. Nxd4 d6 5. Nc3 a6 6. g4 b5 7. a3 Bb7 8. Bg2 Ne7 9. f4 Ng6 10. O-O Nh4 11. Bh1 h6 12. Be3 Nd7 13. Qe1 Be7 14. Rd1 Rc8 15. Qf2 Rxc3 16. bxc3 Nc5 17. g5 hxg5 18. fxg5 f5 19. Nxf5 exf5 20. Bxc5 Qc8 21. Bxd6 Bxd6 22. Rxd6 O-O 23. Qxh4 Qc5+ 24. Rd4 Qxc3 25. Qf2 f4 26. g6 f3 27. Rd6 Qe5 28.
Qh4 Qc5+ 29. Rf2 1-0

[Event "*** Titled Tuesday Blitz"]
[Site "Chess.com"]
[Date "2020.03.03"]
[Round "8"]
[White "politeplayer"]
[Black "juniortay"]
[Result "0-1"]
[WhiteElo "2274"]
[BlackElo "2486"]
[TimeControl "180+1"]
[EndTime "10:28:45 PST"]
[Termination "juniortay won on time"]

1. e4 e5 2. Nc3 Nf6 3. Bc4 Nxe4 4. Qh5 Nd6 5. Qxe5+ Qe7 6. Qxe7+ Bxe7 7. Bb3 O-O 8. d4 c6 9. Nge2 Nf5 10. d5 c5 11.
Nb5 Na6 12. Bf4 g5 13. Bd2 d6 14. O-O-O Bd7 15. a4 Bxb5 16. axb5 Nc7 17. c4 Bf6 18. g4 Nh4 19. f4 h6 20. Ng3 Rfe8 21. Nh5 Bd4 22.
fxg5 Nf3 23. gxh6 Re2 24. Kc2 Rae8 25. Rhf1 R8e3 26. Ba2 Ne8 27. Ng3 Nxd2 28. Nxe2 Nxf1 29. Nxd4 Re2+ 30. Kc1 Rf2 31. Nf5 Nf6 0-1

[Event "*** Titled Tuesday Blitz"]
[Site "Chess.com"]
[Date "2020.03.03"]
[Round "8"]
[White "M1711"]
[Black "Chessalary"]
[Result "0-1"]
[WhiteElo "2523"]
[BlackElo "2249"]
[TimeControl "180+1"]
[EndTime "10:28:47 PST"]
[Termination "Chessalary won by resignation"]

1. e4 c5 2. Nf3 d6 3. c3 g6 4. d4 cxd4 5. cxd4 Nf6 6. Nc3 Bg7 7. Be2 O-O 8. O-O Bg4 9. h3 Bd7 10. e5 dxe5 11. dxe5 Ne8 12. e6 fxe6 13. Bc4 Nd6 14. Bb3 Kh8 15. Qe2 Nc6 16. Bxe6 Bxe6 17. Qxe6 Rxf3 18.
gxf3 Ne5 19. Qd5 Qf8 20. Kg2 Nf5 21. f4 Nc6 22. Be3 Rd8 23. Qe4 Nxe3+ 24. fxe3 Rd2+ 25.
Rf2 Qd8 26. Qf3 Rd3 27. Ne4 Nd4 28. Qg4 Rxe3 29. Ng5 Qd5+ 30. Kh2 Nf5 31. Rd1 Bd4 32. Rg2 h5 33. Nf7+ Qxf7 34. Qxg6 Qxg6 0-1

[Event "*** Titled Tuesday Blitz"]
[Site "Chess.com"]
[Date "2020.03.03"]
[Round "8"]
[White "chigorin28"]
[Black "GMSrinath"]
[Result "0-1"]
[WhiteElo "2683"]
[BlackElo "2869"]
[TimeControl "180+1"]
[EndTime "10:28:54 PST"]
[Termination "GMSrinath won on time"]

1. e4 c5 2. Nf3 d6 3. d4 cxd4 4. Nxd4 Nf6 5. Nc3 Nc6 6. Bg5 e6 7. Qd2 a6 8. O-O-O Be7 9. f4 Bd7 10. Bh4 O-O 11. Bf2 Ng4 12. Bg1 Nxd4 13. Bxd4 e5 14. Bg1 exf4 15. Kb1 Ne5 16. Qxf4 Be6 17. Be2 Rc8 18. Bd4 Qa5 19. a3 b5 20. Nd5 Bxd5 21.
exd5 Bf6 22. g4 Rfe8 23. c3 Qc7 24. Qf2 Nd7 25. Bxf6 Nxf6 26. g5 Ne4 27. Qf3 Nxg5 28. Qg4 Ne4 29. Rhg1 g6 30. Qf3 Re5 31. Bd3 Nc5 32.
Bc2 Qe7 33. Rgf1 f5 34. h4 Qxh4 35. Rh1 Qe7 36. Qh3 Ne4 0-1

[Event "*** Titled Tuesday Blitz"]
[Site "Chess.com"]
[Date "2020.03.03"]
[Round "8"]
[White "AniJak"]
[Black "ChainsOfFantasia"]
[Result "1-0"]
[WhiteElo "2218"]
[BlackElo "2516"]
[TimeControl "180+1"]
[EndTime "10:28:56 PST"]
[Termination "AniJak won by resignation"]

1. e4 e6 2. d4 d5 3. Nd2 c5 4.
exd5 Qxd5 5. Ngf3 cxd4 6. Bc4 Qd7 7. O-O Nc6 8. Nb3 Nf6 9. Nbxd4 Nxd4 10. Nxd4 a6 11. c3 Qc7 12. Bb3 Bd6 13. h3 O-O 14.
Bg5 Ne4 15. Be3 b5 16. Bc2 Bb7 17. Qd3 e5 18. Nf5 Rad8 19. Nxd6 Rxd6 20. Qe2 Qc6 21.
Bxe4 Qxe4 22. f3 Qc6 23. Rfd1 Rfd8 24. Rxd6 Qxd6 25. Re1 f6 26. Bf2 Kf7 27. Qe3 Qe6 28. a3 Rd7 29. Re2 Qd5 30. h4 Ke6 31. Kh2 Qd3 32.
Qxd3 Rxd3 33. Kg3 Kd5 34. Kg4 Kc4 35. Kf5 Bc8+ 36. Ke4 Rd8 37. g4 h5 38. gxh5 f5+ 39. Ke3 f4+ 40. Ke4 Bb7+ 41. Kf5 Bxf3 42. Rxe5 Kb3 43.
Kxf4 Bd5 44. Bd4 Bc4 45. Re7 Kxb2 46. Rxg7 Kxa3 47. Ra7 Rd6 48. Bc5+ Kb3 49. Bxd6 Kxc3 50. Rxa6 b4 51. Rb6 b3 52. Be5+ Kd3 53. h6 Bg8 54.
Kg5 Kc4 55. Kf6 Kd5 56. Bb2 Kc5 57. Rb8 Kc4 58. Rxg8 1-0

[Event "*** Titled Tuesday Blitz"]
[Site "Chess.com"]
[Date "2020.03.03"]
[Round "8"]
[White "David_Paravyan"]
[Black "vladislavkovalev"]
[Result "0-1"]
[WhiteElo "2822"]
[BlackElo "2901"]
[TimeControl "180+1"]
[EndTime "10:28:57 PST"]
[Termination "vladislavkovalev won on time"]

1. d4 Nf6 2. c4 g6 3. Nc3 Bg7 4. e4 d6 5. Nf3 O-O 6. Be2 e5 7. O-O Na6 8. Re1 Qe8 9. d5 Nc5 10. Qc2 a5 11. Be3 Ng4 12. Bxc5 dxc5 13. h3 Nh6 14.
Nb5 Qe7 15. Rad1 Ra6 16. Nd2 f6 17. Nb1 f5 18. N1c3 Nf7 19. Bd3 Rf6 20. d6 cxd6 21.
Nd5 Qd8 22. Nxf6+ Qxf6 23. Nc7 f4 24. Nd5 Qh4 25. Be2 h5 26. Qc3 Kh7 27. Rd3 Ng5 28.
Bd1 Bh6 29. Ne7 Nxh3+ 30. gxh3 Qxe7 31. Kh2 Qh4 32. Rf1 g5 33. Rxd6 f3 34. Bxf3 Qxh3+ 35. Kg1 Rxf3 36. Qxe5 Qg4+ 0-1

[Event "*** Titled Tuesday Blitz"]
[Site "Chess.com"]
[Date "2020.03.03"]
[Round "8"]
[White "GukeshDommaraju"]
[Black "Man-Chuk"]
[Result "0-1"]
[WhiteElo "2649"]
[BlackElo "2773"]
[TimeControl "180+1"]
[EndTime "10:28:57 PST"]
[Termination "Man-Chuk won on time"]

1. Nf3 d5 2. g3 g6 3. c4 dxc4 4. Na3 Bg7 5. Nxc4 Nc6 6. Bg2 e5 7. d3 e4 8. dxe4 Qxd1+ 9. Kxd1 Nf6 10. e5 Ng4 11. Ke1 Be6 12. Ne3 Ngxe5 13. Nxe5 Bxe5 14. Nd5 O-O-O 15. e4 f5 16. Bg5 Rd7 17. Rd1 fxe4 18.
Bxe4 Re8 19. Ne3 Bxb2 20. Bxc6 bxc6 21. Rb1 Bc3+ 22. Ke2 Rd2+ 23. Kf1 Bh3+ 24. Kg1 Rxa2 25. Bf4 Re4 26. Rc1 Rea4 27. Nf1 Ra1 28. f3 Bd4+ 0-1

[Event "*** Titled Tuesday Blitz"]
[Site "Chess.com"]
[Date "2020.03.03"]
[Round "8"]
[White "swayamsm"]
[Black "Monmoransy"]
[Result "0-1"]
[WhiteElo "2471"]
[BlackElo "2597"]
[TimeControl "180+1"]
[EndTime "10:28:57 PST"]
[Termination "Monmoransy won by resignation"]

1. d4 d5 2. Nf3 Bf5 3. Bf4 e6 4. e3 Nf6 5. Nbd2 Be7 6. Bd3 Bg6 7.
Ne5 Nbd7 8. Nxg6 hxg6 9. O-O Bd6 10. Bxd6 cxd6 11. Qe2 O-O 12. c3 a6 13. f3 Re8 14.
Kh1 Rc8 15. Rae1 e5 16. Qf2 Re6 17. e4 exd4 18. Qxd4 Qb6 19. Qxb6 Nxb6 20. exd5 Rxe1 21. Rxe1 Nbxd5 22. g3 Kf8 23. Kg2 b5 24. Kf2 Nb6 25. Nb3 Na4 26. Re2 Nd7 27. Be4 Rc7 28. Nd4 Ne5 29.
f4 Nc4 30. b3 Nxc3 31. bxc4 Nxe2 32. Kxe2 Rxc4 33. Kd3 Rc1 34. Nb3 Rc7 35. Kd2 Ke7 36.
Bd5 b4 37. Na5 Rc5 38. Nc6+ Kd7 39. Nxb4 a5 40. Bxf7 axb4 41. Bxg6 Ke7 42. Bc2 Rc3 43. Bd3 d5 44. h4 Ra3 45. g4 Rxa2+ 46. Ke3 b3 47. h5 Rg2 48. g5 b2 49. Kd4 Rd2 0-1

[Event "*** Titled Tuesday Blitz"]
[Site "Chess.com"]
[Date "2020.03.03"]
[Round "8"]
[White "guillembaches"]
[Black "nonscitis"]
[Result "1-0"]
[WhiteElo "2422"]
[BlackElo "2589"]
[TimeControl "180+1"]
[EndTime "10:29:00 PST"]
[Termination "guillembaches won by resignation"]

1. e4 c5 2. Nf3 Nc6 3. d4 cxd4 4. Nxd4 g6 5. c4 Bg7 6. Nc2 Nf6 7. Nc3 O-O 8. Be2 b5 9. cxb5 Ne5 10. f4 Neg4 11. Bxg4 Nxg4 12. Qxg4 d5 13. Qf3 dxe4 14. Nxe4 Qb6 15.
Qe2 Bb7 16. Be3 Qa5+ 17. Nc3 Bxc3+ 18. bxc3 Qxc3+ 19. Qd2 Qc4 20. Qe2 Qc3+ 21. Kf2 Rac8 22. Nd4 Qa3 23. Rhc1 Rfd8 24. Nc6 Bxc6 25. bxc6 Qa4 26.
Qc4 Qa3 27. Rc2 Qa5 28. Rac1 Rd6 29. c7 Re6 30. Qd4 Rd6 31. Qc3 Qb5 32. Rb2 Qd7 33. Rb8 f6 34. Rxc8+ Qxc8 35. Rb1 1-0

[Event "*** Titled Tuesday Blitz"]
[Site "Chess.com"]
[Date "2020.03.03"]
[Round "8"]
[White "Vusatiuk_Vladimir"]
[Black "ShahMatKanal"]
[Result "1-0"]
[WhiteElo "2340"]
[BlackElo "2489"]
[TimeControl "180+1"]
[EndTime "10:29:01 PST"]
[Termination "Vusatiuk_Vladimir won by resignation"]

1. e4 c5 2. Nf3 Nc6 3. Bb5 g6 4.
Bxc6 dxc6 5. h3 Bg7 6. d3 e5 7. O-O Qe7 8. a3 Nf6 9. Bd2 O-O 10. b4 Nd7 11. Qe2 Rd8 12. c4 Nf8 13. Nc3 Ne6 14.
b5 Nf4 15. Bxf4 exf4 16. e5 Bf5 17. Rad1 Rd7 18. bxc6 bxc6 19. Ne4 Re8 20. Rfe1 Bxe5 21. Nxe5 Qxe5 22. Nf6+ Qxf6 23. Qxe8+ Kg7 24. Qe5 Rxd3 25. Qxc5 Rc3 26. Rd6 Rxc4 27. Qxc4 Qxd6 28. a4 g5 29. Rc1 Bd7 30. a5 h5 31. Qc3+ f6 32. Qb3 Qe7 33. Qb7 f3 34. Rd1 fxg2 1-0

[Event "*** Titled Tuesday Blitz"]
[Site "Chess.com"]
[Date "2020.03.03"]
[Round "8"]
[White "ChristianAlm"]
[Black "j2806"]
[Result "1-0"]
[WhiteElo "2332"]
[BlackElo "1970"]
[TimeControl "180+1"]
[EndTime "10:29:04 PST"]
[Termination "ChristianAlm won by resignation"]

1. d4 Nf6 2. Bg5 Ne4 3. Bf4 e6 4. e3 d5 5. Bd3 Bd6 6. Bg3 Nd7 7.
Nd2 Ndf6 8. Ngf3 O-O 9. c3 b6 10. Bh4 Nxd2 11. Qxd2 Bb7 12. Qc2 h6 13. O-O Be7 14. Ne5 Rc8 15. f4 c5 16. Qe2 Ne4 17. Bxe7 Qxe7 18. f5 exf5 19. Rxf5 cxd4 20. exd4 Rce8 21.
Raf1 Qe6 22. Bxe4 dxe4 23. Rxf7 Rxf7 24. Rxf7 Re7 25. Rxe7 Qxe7 26. h3 Qe6 27. b3 Qc8 28. Qc4+ Qxc4 29. Nxc4 Kf8 30. Kf2 Ke7 31. Ke3 Ke6 32. Nd2 Kf5 33. g4+ Ke6 34. Nxe4 Bxe4 35. Kxe4 g6 36. d5+ Kd6 37. Kd4 a6 38. c4 h5 39.
gxh5 gxh5 40. b4 a5 41. c5+ bxc5+ 42. bxc5+ Kd7 43. Ke5 Ke7 44. d6+ Kd7 45. Kd5 a4 46. c6+ Kd8 47. Ke6 h4 48. d7 a3 49. Kf5 Kc7 50.
Kg4 Kd8 51. Kxh4 Kc7 52. Kg3 Kd8 1-0

[Event "*** Titled Tuesday Blitz"]
[Site "Chess.com"]
[Date "2020.03.03"]
[Round "8"]
[White "MartinCerveny"]
[Black "Noam_Vitenberg"]
[Result "1-0"]
[WhiteElo "2626"]
[BlackElo "2430"]
[TimeControl "180+1"]
[EndTime "10:29:05 PST"]
[Termination "MartinCerveny won by resignation"]

1. d4 d5 2. c4 e6 3. Nc3 Bb4 4. Nf3 Nf6 5. Qc2 c5 6. dxc5 d4 7. a3 Ba5 8. b4 dxc3 9. bxa5 Qxa5 10. Be3 O-O 11. Bd4 Nbd7 12. e3 Nxc5 13. Bxc3 Qc7 14. Be2 b6 15. Be5 Qc6 16. Nd4 Qe4 17. Bxf6 Qxc2 18.
Nxc2 gxf6 19. Bf3 Bb7 20. Rd1 Rfd8 21. Ke2 e5 22. Bxb7 Nxb7 23. Nb4 Rac8 24. Rxd8+ Rxd8 25. Nd5 Kg7 26. h4 Nd6 27. Kd3 b5 28. cxb5 Nxb5 29. e4 Nxa3 30. Ra1 Nb5 31. Ke3 f5 32. Ra5 a6 33.
Rxa6 fxe4 34. Kxe4 Rxd5 35. Kxd5 Nc7+ 36. Kxe5 Nxa6 37.
g4 Nc7 38. f4 f6+ 39. Kd6 Nb5+ 40. Ke7 Nd4 41. f5 Nf3 42. g5 fxg5 43. f6+ Kh6 44. f7 Ne5 45. f8=Q+ 1-0

[Event "*** Titled Tuesday Blitz"]
[Site "Chess.com"]
[Date "2020.03.03"]
[Round "8"]
[White "NemtsevIgor"]
[Black "SHIVACalypso"]
[Result "1-0"]
[WhiteElo "2350"]
[BlackElo "2183"]
[TimeControl "180+1"]
[EndTime "10:29:05 PST"]
[Termination "NemtsevIgor won by resignation"]

1. d4 e6 2. e4 d5 3. Nc3 Nf6 4. f3 c5 5. e5 Nfd7 6. f4 Nc6 7. Nf3 cxd4 8. Nb5 Qb6 9. Nbxd4 Nxd4 10. Nxd4 Bc5 11.
c3 O-O 12. b4 Bxd4 13. Qxd4 f6 14. exf6 Qxd4 15. cxd4 Rxf6 16. g3 Nb6 17. Bh3 Bd7 18. O-O Rc8 19. Re1 Rc4 20. a3 Na4 21. Be3 Nc3 22. Bf1 Rc8 23. Rac1 Ne4 24. Rxc8+ Bxc8 25. Rc1 Rf8 26. Rc7 Nd6 27. b5 Nf5 28. Bf2 Nd6 29. Be1 Rf7 30. Rc1 Bd7 31. a4 h6 32.
Bb4 Ne4 33. Rc7 g5 34. Rxb7 gxf4 35. gxf4 Be8 36. Rxf7 Bxf7 37. Bc5 Nxc5 38. dxc5 Kf8 39. b6 axb6 40. cxb6 1-0

[Event "*** Titled Tuesday Blitz"]
[Site "Chess.com"]
[Date "2020.03.03"]
[Round "8"]
[White "Sanan_Sjugirov"]
[Black "Jospem"]
[Result "1-0"]
[WhiteElo "2849"]
[BlackElo "2919"]
[TimeControl "180+1"]
[EndTime "10:29:07 PST"]
[Termination "Sanan_Sjugirov won by resignation"]

1. e4 c5 2. Nf3 Nc6 3. Bb5 g6 4. Bxc6 dxc6 5. d3 Bg7 6. h3 e5 7.
a4 b6 8. Na3 Be6 9. Be3 f6 10. a5 Ne7 11. Nc4 Rb8 12. axb6 axb6 13.
b3 O-O 14. O-O Rf7 15. Qd2 b5 16. Na5 Qd7 17. Bxc5 g5 18. d4 Rd8 19. Rfd1 Qc8 20. Qe3 Re8 21. dxe5 Ng6 22. exf6 Bxf6 23. Nxg5 Rg7 24.
Nxe6 Qxe6 25. Rd6 Qe5 26. Rad1 Nf4 27. g4 Qg5 28. Nxc6 h5 29. Kf1 hxg4 30. h4 Qxh4 31. Qxf4 Qh1+ 32. Ke2 Rxe4+ 33. Be3 Qg2 34. Qxf6 Rxe3+ 35. Kxe3 1-0

[Event "*** Titled Tuesday Blitz"]
[Site "Chess.com"]
[Date "2020.03.03"]
[Round "8"]
[White "Micki-taryan"]
[Black "gena217"]
[Result "0-1"]
[WhiteElo "3010"]
[BlackElo "3022"]
[TimeControl "180+1"]
[EndTime "10:29:09 PST"]
[Termination "gena217 won by resignation"]

1. d4 Nf6 2. Nf3 d5 3. c4 e6 4. Nc3 dxc4 5. e3 a6 6. a4 c5 7. Bxc4 Nc6 8. O-O Be7 9. dxc5 Qxd1 10. Rxd1 Bxc5 11. Be2 b6 12. Ne1 Bb7 13. Nd3 Be7 14. e4 Nd4 15. f3 Rc8 16. Bf1 Nb3 17. Rb1 Nxc1 18. Rbxc1 Nd7 19. Kf2 Nc5 20. Ne5 Nb3 21.
Rb1 Bc5+ 22. Kg3 Bd4 23. Nc4 Ke7 24. Na2 Rhd8 25. Kh3 Bc5 26. Nc3 f5 27. exf5 exf5 28. Re1+ Kf6 29. Rbd1 g5 30. Bd3 h5 31. Re5 Nd4 32. Rde1 b5 33. axb5 axb5 34. Na5 g4+ 35. Kh4 Bxf3 36. Nxb5 Be4 37. Nxd4 Bxd4 38. Bxe4 Kxe5 39.
Bb7+ Kf6 40. Bxc8 Bf2+ 41. g3 Bxe1 0-1

[Event "*** Titled Tuesday Blitz"]
[Site "Chess.com"]
[Date "2020.03.03"]
[Round "8"]
[White "Gahan-MG"]
[Black "Kobalia"]
[Result "1-0"]
[WhiteElo "2491"]
[BlackElo "2606"]
[TimeControl "180+1"]
[EndTime "10:29:10 PST"]
[Termination "Gahan-MG won by resignation"]

1. e4 c6 2. d4 d5 3. e5 Bf5 4. Be3 e6 5. c3 Nd7 6. f4 h5 7.
Nd2 c5 8. Ngf3 Nh6 9. dxc5 Bxc5 10. Bxc5 Nxc5 11. Bb5+ Nd7 12. Nd4 h4 13. Qa4 a6 14.
Bxd7+ Qxd7 15. Qa3 Bd3 16. N2b3 Qe7 17. Qxe7+ Kxe7 18.
Nc5 Be4 19. Nxe4 dxe4 20. Ke2 h3 21. g3 Ng4 22. Rae1 f5 23. exf6+ gxf6 24. f5 e5 25. Nc2 Rh5 26. Ne3 Rg8 27. Ref1 b5 28. Nxg4 Rxg4 29. Ke3 Kd6 30. Rf2 Kc6 31. Rd1 Rh8 32.
Rfd2 Rh6 33. Rd6+ Kc7 34. Rxa6 Kb7 35. Re6 Rg8 36. Kxe4 b4 37. cxb4 Rg4+ 38. Kf3 Rxb4 39. Rd7+ Kc8 40. Rf7 Rh8 41. b3 Rd8 42. Rfxf6 Rd3+ 43.
Ke2 Rc3 44. Rc6+ Rxc6 45. Rxc6+ Kd7 46. Re6 Re4+ 47. Kf3 Rd4 48. Rh6 1-0

[Event "*** Titled Tuesday Blitz"]
[Site "Chess.com"]
[Date "2020.03.03"]
[Round "8"]
[White "kleinebeer98"]
[Black "Artem_Sadovsky"]
[Result "0-1"]
[WhiteElo "2706"]
[BlackElo "2613"]
[TimeControl "180+1"]
[EndTime "10:29:13 PST"]
[Termination "Artem_Sadovsky won by checkmate"]

1. e4 g6 2. d4 Bg7 3. Nf3 d6 4. Bc4 c5 5. dxc5 Qa5+ 6. c3 Qxc5 7. Na3 Nf6 8. Qe2 O-O 9. h3 a6 10. O-O b5 11. Bd3 Bb7 12. Nc2 Nbd7 13. a4 Qc7 14. axb5 axb5 15. Bg5 Nc5 16. Ncd4 Nxd3 17. Qxd3 Nxe4 18.
Nxb5 Qd7 19. Rxa8 Rxa8 20. Nbd4 e5 21. Ne2 Nxg5 22. Nxg5 Qc6 23. f3 d5 24. h4 h6 25.
Nh3 Qb6+ 26. Kh2 Ra2 27. h5 Ba6 28. Qxd5 Bxe2 29. Qxa2 Bxf1 30. b4 e4 31. fxe4 Bxc3 32. Kh1 Be5 33. hxg6 Qxg6 34. b5 Bxb5 35. Qa8+ Kh7 36.
Qd5 Bf1 37. Qd2 Qg3 38. Kg1 Bd3 39. Qb4 Qh2+ 40. Kf2 Qg3+ 41. Kg1 Qe3+ 42. Kh1 Bxe4 43. Qc4 Qxh3+ 44. Kg1 Qxg2# 0-1